AoeStats
← Giantazio

Arena

508502695Analyzed
4v4 RM · 10d ago on Sep 22, 2026· 46m 58s· 8 players
Game mode
Random Map
Map size
Large (8 player)
Population
200
Speed
Normal
Resources
Standard
Victory
Conquest
Starting age
Dark Age
Ending age
Imperial Age
RankedLock teamsTeams togetherTeam positionsShared explorationLock speedFull tech treeHidden civsTurbo modeCheats
Victory
Defeat
🇮🇳 Britons · India
1013
+15
🇮🇳 Romans · India
1011
+15
🇨🇳 Turks · China
963
+17
🇬🇧 Random · United Kingdom
821
+21
🇮🇹 Persians · Italy
998
-18
🇮🇹 Celts · Italy
985
-17
🇮🇹 Romans · Italy
972
-17
🇮🇹 Saracens · Italy
956
-16
GoldenRogerFed6
11:52 Feudal Age
17:57 Castle Age
16:05 Horse Collar
16:23 Double-Bit Axe
17:52 Gold Mining
17:54 Stone Mining
18:54 Bow Saw
18:46 Heavy Plow
22:18 Wheelbarrow
23:59 Fervor
23:23 Man-at-Arms
24:17 Long Swordsman
24:59 Scale Mail Armor
25:48 Hand Cart
25:52 Forging
28:34 Squires
31:08 Iron Casting
31:27 Chain Mail Armor
35:12 Imperial Age
34:09 Scale Barding Armor
36:03 Cavalier
36:54 Bloodlines
36:44 Husbandry
38:03 Blast Furnace
37:25 Chain Barding Armor
37:31 Comitatenses
38:01 Conscription
37:51 Legionary
40:12 Plate Barding Armor
40:15 Fletching
42:00 Bodkin Arrow
43:08 Chemistry
43:30 Padded Archer Armor
44:03 Light Cavalry
44:41 Heavy Scorpion
46:34 Gold Shaft Mining
GoldenHorde
12:26 Feudal Age
16:34 Castle Age
14:38 Horse Collar
14:46 Double-Bit Axe
18:51 Loom
26:06 Heavy Plow
26:21 Bow Saw
27:23 Wheelbarrow
31:27 Imperial Age
28:53 Treadmill Crane
29:40 Crossbowman
30:49 Hand Cart
31:38 Gold Mining
31:40 Stone Mining
32:06 Fletching
32:18 Padded Archer Armor
33:38 Gold Shaft Mining
33:01 Bodkin Arrow
33:24 Leather Archer Armor
32:34 Cranequins
32:47 Arbalester
34:32 Chemistry
33:49 Bracer
34:41 Ring Archer Armor
35:02 Conscription
35:38 Ballistics
35:26 Siege Engineers
35:48 Yeomen
36:36 Forging
36:29 Scale Mail Armor
38:58 Elite Skirmisher
40:25 Elite Longbowman
40:34 Pikeman
41:16 Squires
41:03 Arson
44:22 Halberdier
45:41 Iron Casting
45:22 Chain Mail Armor
gazza17
4:52 Loom
9:53 Feudal Age
15:04 Castle Age
12:55 Double-Bit Axe
12:58 Horse Collar
15:36 Forging
17:17 Loom
17:50 Bloodlines
23:18 Wheelbarrow
23:00 Husbandry
24:20 Bow Saw
25:38 Heavy Plow
30:34 Imperial Age
28:26 Stone Mining
28:26 Gold Mining
29:31 Iron Casting
29:02 Scale Barding Armor
28:48 Fletching
29:52 Scale Mail Armor
32:24 Blast Furnace
32:13 Conscription
32:17 Chain Mail Armor
32:41 Fletching
32:48 Pikeman
33:28 Squires
33:14 Arson
33:54 Ballistics
34:49 Two-Man Saw
34:23 Crop Rotation
35:10 Plate Mail Armor
34:50 Halberdier
35:29 Bodkin Arrow
43:57 Chain Barding Armor
44:09 Light Cavalry
qiqinqingTodd424
12:34 Feudal Age
17:16 Castle Age
21:43 Imperial Age
46:48 Scale Mail Armor
Giantazio
11:18 Feudal Age
15:00 Castle Age
13:10 Double-Bit Axe
15:01 Horse Collar
19:57 Wheelbarrow
26:01 Hand Cart
27:04 Bow Saw
27:17 Heavy Plow
27:12 Fletching
28:13 Gold Mining
28:49 Bodkin Arrow
28:56 Padded Archer Armor
31:31 Imperial Age
28:49 Loom
28:42 Elite Skirmisher
29:58 Stone Mining
30:47 Gold Shaft Mining
30:51 Leather Archer Armor
30:59 Ballistics
32:03 Onager
33:54 Chemistry
33:28 Ring Archer Armor
34:25 Siege Onager
38:16 Murder Holes
38:37 Pikeman
40:00 Stronghold
40:50 Furor Celtica
40:54 Forging
40:45 Scale Mail Armor
41:30 Conscription
41:22 Elite Woad Raider
43:02 Halberdier
44:21 Iron Casting
44:02 Chain Mail Armor
fiordy90
10:54 Feudal Age
16:00 Loom
18:41 Castle Age
16:54 Horse Collar
17:16 Double-Bit Axe
17:38 Gold Mining
19:35 Bow Saw
19:39 Heavy Plow
21:59 Wheelbarrow
24:39 Husbandry
27:44 Scale Barding Armor
30:41 Forging
30:52 Chain Barding Armor
30:53 Hand Cart
32:02 Bloodlines
31:28 Light Cavalry
33:12 Iron Casting
32:35 Fletching
36:36 Imperial Age
33:52 Town Watch
36:34 Elite Skirmisher
36:43 Capped Ram
39:28 Chemistry
38:49 Ballistics
38:40 Fortified Wall
38:42 Masonry
39:01 Conscription
42:28 Caravan
42:59 Coinage
42:05 Siege Ram
Mosto990
10:23 Feudal Age
12:12 Double-Bit Axe
14:37 Castle Age
12:47 Horse Collar
18:23 Heavy Plow
21:04 Wheelbarrow
22:15 Hand Cart
23:02 Stone Mining
23:03 Gold Mining
24:56 Gold Shaft Mining
24:57 Stone Shaft Mining
24:50 Bow Saw
28:53 Imperial Age
26:09 Loom
26:10 Town Watch
27:09 Fletching
27:21 Padded Archer Armor
27:27 Scale Barding Armor
27:33 Forging
27:52 Ballistics
27:43 Masonry
28:13 Town Patrol
30:15 Chemistry
29:38 Conscription
32:03 Crop Rotation
32:44 Kamandaran
33:08 Thumb Ring
32:24 Crossbowman
33:03 Bodkin Arrow
33:24 Leather Archer Armor
33:57 Iron Casting
33:43 Chain Barding Armor
33:26 Murder Holes
36:35 Elite War Elephant
36:53 Elite Skirmisher
44:01 Citadels
Bipaccio
10:35 Loom
12:21 Feudal Age
18:05 Castle Age
16:05 Double-Bit Axe
16:20 Horse Collar
17:09 Man-at-Arms
22:50 Scale Mail Armor
24:56 Wheelbarrow
25:25 Forging
26:53 Gold Mining
27:45 Iron Casting
28:09 Chain Mail Armor
27:18 Long Swordsman
28:28 Bow Saw
29:27 Squires
32:47 Murder Holes
32:43 Guard Tower
33:03 Masonry
35:43 Imperial Age
33:24 Stone Mining
34:04 Scale Barding Armor
35:20 Hand Cart
35:51 Bloodlines
38:49 Imperial Age
39:31 Husbandry
44:04 Hand Cart
46:13 Pikeman
Connection lost

Rejoining the realm…

Still unreachable

The connection could not be restored.

Session expired

The server has moved on; the page needs a fresh start.